 Dungeon Crawl Stone Soup version 0.19.5 (webtiles) character file.

139 Rozenbaumfricks the Covered (level 5, -9/42 HPs)
             Began as a Demonspawn Fighter on Apr 18, 2017.
             Mangled by Rozenbaumfricks's ghost (10 damage)
             ... on level 3 of the Dungeon.
             The game lasted 00:06:54 (2279 turns).

Rozenbaumfricks the Covered (Demonspawn Fighter)    Turns: 2279, Time: 00:06:55

Health: -9/42      AC:  7    Str: 22    XL:     5   Next: 1%
Magic:  5/5        EV: 12    Int:  9    God:
Gold:   177        SH: 10    Dex: 18    Spells: 0 memorised, 4 levels left

rFire  . . .     SeeInvis .     a - +0 long sword
rCold  . . .     Gourm    .     b - +0 scale mail
rNeg   . . .     Faith    .     c - +0 shield
rPois  .         Spirit   .     (helmet restricted)
rElec  .         Reflect  .     (no cloak)
rCorr  .         Harm     .     (no gloves)
MR     .....                    (no boots)
Stlth  ++........               (no amulet)
                                (no ring)
                                (no ring)

@: mighty, agile, lethally poisoned (-9 -> -40), flying, very slightly
contaminated, hasted, very quick
A: antennae 1, nightstalker 1
a: no special abilities


You were on level 3 of the Dungeon.
You were not hungry.

You visited 1 branch of the dungeon, and saw 3 of its levels.

You collected 177 gold pieces.

Inventory:

Hand Weapons
 a - a +0 long sword (weapon)
Armour
 b - a +0 scale mail (worn)
 c - a +0 shield (worn)
Scrolls
 g - a scroll of identify
 j - a scroll of remove curse {unknown}
 k - a scroll of teleportation {unknown}
 o - a scroll of enchant armour {unknown}
 r - a scroll of fog {unknown}
 s - a scroll of amnesia {unknown}
Potions
 d - a potion of mutation
 e - a potion of brilliance
 m - a potion of flight
Comestibles
 f - 2 bread rations
 l - 2 meat rations
 n - 7 fruits
 p - a slice of pizza


   Skills:
 + Level 4.0 Fighting
 - Level 2.1 Long Blades
 + Level 4.2 Armour
 - Level 0.1 Dodging
 - Level 2.9 Shields


You had 4 spell levels left.
You didn't know any spells.

Dungeon Overview and Level Annotations

Branches:
Dungeon (3/15)

Altars:
Elyvilon
Uskayaw

Annotations:
D:3 Rozenbaumfricks's ghost, amateur DsFi


Innate Abilities, Weirdness & Mutations

You have a pair of small antennae on your head.
You are slightly more attuned to the shadows.


Message History

Rozenbaumfricks's ghost is moderately damaged.
* * * LOW HITPOINT WARNING * * *
You feel very sick.
You block Rozenbaumfricks's ghost's attack.
You hit Rozenbaumfricks's ghost.
Rozenbaumfricks's ghost is heavily damaged.
* * * LOW HITPOINT WARNING * * *
You feel very sick.
You block Rozenbaumfricks's ghost's attack.
Your shield prevents you from hitting Rozenbaumfricks's ghost.
Rozenbaumfricks's ghost is heavily damaged.
* * * LOW HITPOINT WARNING * * *
You feel very sick.
Rozenbaumfricks's ghost shrieks, "What do you have that I didn't have?"
Rozenbaumfricks's ghost closely misses you.
You hit Rozenbaumfricks's ghost but do no damage.
Rozenbaumfricks's ghost is heavily damaged.
* * * LOW HITPOINT WARNING * * *
You feel sick. Rozenbaumfricks's ghost hits you!
You die...

#... #..# #.### #..#
#...# #..##### # #...#
#......#.# #...#
##...##.#.######...####
......)..........†....'
##...##.#.......@W.#
##.......8.8.8...##
#.###...........#
#.##............#
#.##.#.#.......##
#.##.#.#_).....#
#.##.#.#.......##
#...............#
#.#..........####.


You could see Rozenbaumfricks's ghost.

Vanquished Creatures
  Ijyb (D:3)
  Terence (D:3)
  4 adders
  A dart slug (D:1)
  A leopard gecko (D:2)
  8 bats
  A giant cockroach (D:2)
  11 hobgoblins
  A jackal (D:2)
  3 frilled lizards
  9 goblins
  3 kobolds
  4 rats
48 creatures vanquished.

Notes
Turn   | Place    | Note
-------+----------+-------------------------------------------
     0 | D:1      | Rozenbaumfricks the Demonspawn Fighter began the quest for the Orb.
     0 | D:1      | Reached XP level 1. HP: 18/18 MP: 1/1
   167 | D:1      | Gained mutation: You are slightly more attuned to the shadows. [demonic ancestry]
   167 | D:1      | Reached XP level 2. HP: 15/24 MP: 2/2
  1002 | D:2      | Gained mutation: You have a pair of small antennae on your head. [demonic ancestry]
  1002 | D:2      | Reached XP level 3. HP: 29/29 MP: 3/3
  1176 | D:2      | Found a white marble altar of Elyvilon.
  1862 | D:3      | Reached XP level 4. HP: 25/37 MP: 4/4
  1901 | D:3      | Noticed Terence
  1917 | D:3      | Killed Terence
  2215 | D:3      | Found a hide-covered altar of Uskayaw.
  2216 | D:3      | Noticed Ijyb
  2231 | D:3      | Killed Ijyb
  2263 | D:3      | Noticed Rozenbaumfricks's ghost (amateur DsFi)
  2269 | D:3      | Reached XP level 5. HP: 15/42 MP: 5/5
  2279 | D:3      | HP: 1/42 [poisoned by Rozenbaumfricks's ghost]
  2279 | D:3      | Mangled by Rozenbaumfricks's ghost

Skill      XL: |  1  2  3  4 |
---------------+-------------+-----
Long Blades    | 2 |  2.1
Armour         | 3 4 |  4.2
Fighting       | 4 |  4.0
Dodging        | |  0.1
Shields        | |  2.9

Action                   |  1- 3 |  4- 6 || total
-------------------------+-------+-------++-------
Melee: Long sword        |   115 |    45 ||   160
  Use: Potion            |       |     7 ||     7
       Scroll            |       |     1 ||     1
  Eat: Chunk             |     3 |     2 ||     5
Armor: Scale mail        |    60 |    33 ||    93
Dodge: Dodged            |    36 |    23 ||    59
Block: Shield            |    55 |    49 ||   104
       Rpst.: Long sword |    14 |     9 ||    23
